AoeStats
← Zumoshi

Arabia

506373353Analyzed
1v1 RM · 20d ago on Sep 13, 2026· 64m 9s· 2 players
Game mode
Random Map
Map size
Tiny (2 player)
Population
200
Speed
Normal
Resources
Standard
Victory
Conquest
Starting age
Dark Age
Ending age
Imperial Age
RankedLock teamsTeams togetherTeam positionsShared explorationLock speedFull tech treeHidden civsTurbo modeCheats
Victory
Defeat
🇮🇱 Khitans · Israel
1130
+15
🇻🇳 Britons · Vietnam
1105
-15
hoangtrongclc1
7:12 Loom
10:21 Feudal Age
10:52 Double-Bit Axe
15:44 Horse Collar
16:51 Fletching
24:25 Castle Age
23:43 Forging
26:04 Wheelbarrow
26:12 Gold Mining
28:11 Hand Cart
27:41 Crossbowman
28:51 Pikeman
30:31 Squires
31:47 Scale Mail Armor
36:49 Masonry
36:48 Husbandry
38:30 Fervor
39:29 Gold Shaft Mining
38:47 Stone Mining
39:09 Bow Saw
39:01 Heavy Plow
44:19 Bodkin Arrow
44:25 Padded Archer Armor
43:54 Elite Skirmisher
45:33 Ballistics
45:56 Leather Archer Armor
46:17 Iron Casting
48:19 Imperial Age
48:25 Iron Casting
47:56 Scale Barding Armor
48:07 Chain Mail Armor
50:06 Chemistry
49:07 Bracer
49:38 Ring Archer Armor
49:55 Conscription
50:56 Two-Man Saw
50:48 Halberdier
53:29 Plate Mail Armor
54:00 Blast Furnace
54:22 Architecture
Zumoshi
7:03 Loom
9:40 Feudal Age
11:36 Double-Bit Axe
14:55 Forging
19:18 Scale Barding Armor
23:14 Domestication
26:09 Castle Age
24:25 Fletching
25:18 Gold Mining
26:08 Wheelbarrow
27:28 Husbandry
28:08 Iron Casting
27:53 Chain Barding Armor
35:43 Bow Saw
37:07 Pastoralism
38:20 Town Watch
39:08 Thumb Ring
39:08 Bodkin Arrow
39:14 Padded Archer Armor
41:20 Leather Archer Armor
40:36 Light Cavalry
42:54 Hand Cart
42:11 Heavy Cavalry Archer
45:43 Ballistics
49:25 Imperial Age
50:33 Conscription
51:10 Transhumance
52:10 Hussar
53:29 Ordo Cavalry
54:46 Chemistry
54:03 Bracer
55:29 Plate Barding Armor
56:33 Parthian Tactics
56:57 Ring Archer Armor
Connection lost

Rejoining the realm…

Still unreachable

The connection could not be restored.

Session expired

The server has moved on; the page needs a fresh start.